 Dungeon Crawl Stone Soup version 0.25-a0-460-g4f2eb97ec1 (webtiles) character file.

Game seed: 17591408437273782149, levelgen mode: deterministic

734 ReteAZ the Digger (level 7, -4/41 HPs)
             Began as an Octopode Earth Elementalist on Feb 3, 2020.
             Slain by Duvessa
             ... wielding a +0 short sword
              (12 damage)
             ... on level 5 of the Dungeon.
             The game lasted 00:07:51 (5292 turns).

ReteAZ the Digger (Octopode Earth Elementalist)     Turns: 5292, Time: 00:07:52

Health: -4/41      AC:  1    Str:  7    XL:     7   Next: 74%
Magic:  2/13       EV:  8    Int: 18    God:
Gold:   240        SH:  0    Dex: 14    Spells: 10/14 levels left

rFire    . . .     SeeInvis .   j - +0 short sword (elec)
rCold    . . .     Gourm    .   (no shield)
rNeg     . . .     Faith    .   (helmet restricted)
rPois    .         Spirit   .   (no amulet)
rElec    .         Reflect  .   (no ring)
rCorr    .         Harm     .   (no ring)
MR       .....                  (no ring)
Stlth    +++.......             (no ring)
HPRegen  0.13/turn              (no ring)
MPRegen  0.13/turn              (no ring)
                                (no ring)
                                (no ring)

@: held
A: almost no armour, stealthy swim, amphibious, 8 rings, constrict 8, camouflage
1, gelatinous body 1
a: no special abilities


You were on level 5 of the Dungeon.
You were not hungry.

You visited 1 branch of the dungeon, and saw 5 of its levels.
You also visited: Ossuary.

You collected 240 gold pieces.

Inventory:

Hand Weapons
 j - a +0 short sword of electrocution (weapon)
Missiles
 b - 95 stones (quivered)
Jewellery
 t - a cursed ring of attention {unknown}
Scrolls
 d - 7 scrolls of identify {unknown}
 h - a scroll of magic mapping {unknown}
 i - 7 scrolls of remove curse {unknown}
 m - 2 scrolls of fog {unknown}
 n - a scroll of enchant armour {unknown}
 o - a scroll of amnesia {unknown}
 q - a scroll of blinking {unknown}
 s - 2 scrolls of teleportation {unknown}
 u - a scroll of noise {unknown}
 v - a scroll of immolation {unknown}
 w - a scroll of silence {unknown}
Potions
 a - 4 potions of lignification {unknown}
 e - 3 potions of brilliance {unknown}
 f - 3 potions of flight {unknown}
 g - 5 potions of curing {unknown}
 k - 2 potions of haste {unknown}
 l - 2 potions of heal wounds {unknown}
 p - a potion of might {unknown}
 r - a potion of resistance {unknown}
Comestibles
 c - 5 rations


   Skills:
 - Level 3.5 Dodging
 - Level 3.0 Stealth
 + Level 4.4 Spellcasting
   Level 1.0 Transmutations
 * Level 6.9 Earth Magic


You had 10 spell levels left.
You knew the following spells:

 Your Spells              Type           Power        Failure   Level  Hunger
a - Sandblast             Erth           ####..       1%          1    None
b - Stone Arrow           Conj/Erth      ###...       10%         3    ###....

Your spell library contained the following spells:

 Spells                   Type           Power        Failure   Level  Hunger
 Passwall                 Tmut/Erth      ###.....     4%          2    ##.....
 Lee's Rapid Deconstruct  Erth           ####......   22%         5    ######.
 Petrify                  Tmut/Erth      ###.....     26%         4    ####...


Dungeon Overview and Level Annotations

Branches:
Dungeon (5/15)             Temple (0/1) D:4         Ossuary (visited)

Altars:
Ashenzari
Cheibriados
Dithmenos
Gozag
Makhleb
Nemelex Xobeh
Ru
Uskayaw
Vehumet
The Shining One

Shops:
D:4 [

Annotations:
D:5 Dowan, Duvessa


Innate Abilities, Weirdness & Mutations

You cannot wear most types of armour.
You are very stealthy in the water. (Stealth+)
You are amphibious.
You can wear up to eight rings at the same time.
You can use your tentacles to constrict eight enemies at once.
Your skin changes colour to match your surroundings (Stealth+).
Your rubbery body absorbs attacks. (AC +1, EV +1)


Message History

Confirm with . or Enter, or press ? or * to list all spells.
Aiming: Sandblast (safe; 1% risk of failure)
Press: ? - help, Shift-Dir - straight line, f/p - Duvessa
Aim: Duvessa, wielding a +0 short sword and wearing a +0 chain mail (severely wounded)
The blast of sand hits Duvessa but does no damage.
Duvessa is severely wounded.
b - 96 stones The gnoll throws a throwing net.
The throwing net hits you.
You become entangled in the net!
Duvessa hits you with a +0 short sword!
* * * LOW HITPOINT WARNING * * *
Casting: Sandblast (safe; 1% risk of failure)
Confirm with . or Enter, or press ? or * to list all spells.
Aiming: Sandblast (safe; 1% risk of failure)
Press: ? - help, Shift-Dir - straight line, f/p - Duvessa
Aim: Duvessa, wielding a +0 short sword and wearing a +0 chain mail (severely wounded)
The blast of sand hits Duvessa.
Duvessa is almost dead.
b - 95 stones Duvessa hits you with a +0 short sword!
You die...

#.## ##.##
##############....
.............#....
######.####.#.### .
#.........[)..... ...
#.#####.###.#.#..
.....####.#.###.###.#.#.#
#..ee@.....g..<.......
###.####.###.[##.#.### #.
.# ##.##.#.... .. #
#.)#.##### ... ...#.##...
..e. .g...##.## .....
.....## ...... ..g..# #
##+##.. ..


You could see Duvessa, Dowan and a gnoll.

Vanquished Creatures
  Sigmund (D:3)
  A scorpion (D:5)
  3 hounds (D:4)
  An orc priest (D:4)
  A centaur skeleton (D:5)
  2 orc wizards
  An iguana (D:5)
  A worker ant (D:5)
  3 big kobold zombies (Ossuary)
  3 mummies
  3 adders
  2 oozes
  4 adder zombies (Ossuary)
  5 worms
  2 dart slugs (D:1)
  2 leopard geckos (D:1)
  16 orcs
  3 giant cockroaches
  9 goblins
  6 hobgoblins
  6 jackals
  10 kobolds
  2 ball pythons
  10 bats
  5 frilled lizards
  A gnoll zombie (Ossuary)
  5 hobgoblin zombies (Ossuary)
  2 kobold zombies (Ossuary)
  5 orc zombies (Ossuary)
  9 rats
124 creatures vanquished.

Notes
Turn   | Place    | Note
-------+----------+-------------------------------------------
     0 | D:1      | ReteAZ the Octopode Earth Elementalist began the quest for
                  | the Orb.
     0 | D:1      | Reached XP level 1. HP: 11/11 MP: 3/3
   614 | D:1      | Reached XP level 2. HP: 17/17 MP: 5/5
  1100 | D:1      | Reached XP level 3. HP: 19/21 MP: 6/6
  1612 | D:1      | Learned a level 3 spell: Stone Arrow
  2047 | D:2      | Reached XP level 4. HP: 24/27 MP: 5/7
  2107 | D:2      | Found a sparkling altar of Nemelex Xobeh.
  2107 | D:2      | Found a sacrificial altar of Ru.
  2236 | D:2      | Reached skill level 4 in Earth Magic
  2370 | D:2      | Found a snail-covered altar of Cheibriados.
  2385 | D:2      | Found a shattered altar of Ashenzari.
  2430 | D:2      | Found a glowing golden altar of the Shining One.
  2740 | D:2      | Found a radiant altar of Vehumet.
  2742 | D:2      | Found a burning altar of Makhleb.
  2775 | D:3      | Noticed Sigmund
  2784 | D:3      | Killed Sigmund
  2784 | D:3      | Reached skill level 5 in Earth Magic
  2784 | D:3      | Reached XP level 5. HP: 31/31 MP: 3/9
  2784 | D:3      | Reached XP level 6. HP: 36/36 MP: 3/10
  3661 | D:3      | Found a hide-covered altar of Uskayaw.
  3668 | D:3      | Found a shadowy altar of Dithmenos.
  3818 | D:4      | Found an opulent altar of Gozag.
  3925 | D:4      | Reached skill level 6 in Earth Magic
  3925 | D:4      | Reached XP level 7. HP: 25/41 MP: 5/12
  3974 | D:4      | Found Fisovali's Antique Armour Emporium.
  4028 | D:4      | Found a staircase to the Ecumenical Temple.
  4212 | D:4      | Found a sand-covered staircase.
  4222 | Ossuary  | Entered an ossuary
  4740 | D:5      | Entered Level 5 of the Dungeon
  5277 | D:5      | Noticed Dowan
  5279 | D:5      | Noticed Duvessa
  5292 | D:5      | Slain by Duvessa

Levels and vault maps discovered:
D:1:      minmay_arrival_five_plusses, layout_loops_ring
D:2:      layout_loops_ring, nicolae_overflow_hidden_temple,
          nicolae_overflow_crystal_walls, lemuel_doored_altar,
          gammafunk_temple_overflow_elements, cheibriados_altar_1
D:3:      layout_rooms, minitemple, uniq_sigmund
D:4:      layout_cave_pools, nicolae_gozag_cash_rules_everything_around_me,
          minmay_temple_entry_junction_2, serial_shops,
          nicolae_shop_behind_doors, first_ration, gup_ossuary_entry_pyramid,
          roderic_serpentine_path
D:5:      layout_basic, minmay_tree_intersection, uniq_duvessa, uniq_grinder

Skill      XL: |  1  2  3  4  5  6  7 |
---------------+----------------------+-----
Stealth        | 3 |  3.0
Earth Magic    | 5 6 |  6.9
Dodging        | 3 |  3.5
Spellcasting   | 3 4 |  4.4
Transmutations | |  1.0

Action                   |  1- 3 |  4- 6 |  7- 9 || total
-------------------------+-------+-------+-------++-------
Melee: Unarmed           |    73 |       |       ||    73
       Tentacles         |    18 |    12 |     5 ||    35
       Constrict         |    26 |    26 |     7 ||    59
       Short sword       |    25 |   110 |    20 ||   155
 Cast: Sandblast         |    13 |    33 |    62 ||   108
 Stab: Sleeping          |     6 |     9 |     6 ||    21
       Distracted        |       |     1 |       ||     1
  Eat: Chunk             |     4 |     6 |       ||    10
       Ration            |       |       |     1 ||     1
Armor: Skin              |     6 |     8 |     2 ||    16
Dodge: Dodged            |    53 |    88 |    32 ||   173

Table legend:
 A = Non-vault XP
 B = Vault XP
 C = Vault XP percentage of total XP
 D = Non-vault monster count
 E = Vault monster count
 F = Vault count percentage of total count
                 A         B        C        D         E       F
            +---------+---------+-------+---------+---------+-------
      Total |     668 |     381 |  36.3 |     100 |      23 |  18.7
            +---------+---------+-------+---------+---------+-------
        D:1 |      50 |       0 |   0.0 |      23 |       0 |   0.0
        D:2 |      87 |       0 |   0.0 |      30 |       0 |   0.0
        D:3 |     120 |     212 |  63.9 |      32 |       1 |   3.0
        D:4 |     181 |      18 |   9.0 |       7 |       1 |  12.5
        D:5 |     230 |       0 |   0.0 |       8 |       0 |   0.0
    Ossuary |       0 |     151 | 100.0 |       0 |      21 | 100.0
            +---------+---------+-------+---------+---------+-------
